 Dungeon Crawl Stone Soup version 0.22-a0-542-gce4f928 (webtiles) character file.

642128 magipi the Champion of Chaos (level 27, -3/215 HPs)
             Began as a Gnoll Fire Elementalist on June 20, 2018.
             Was the Champion of Makhleb.
             Killed by divine providence
             ... invoked by a smoke demon
              (11 damage)
             ... in Pandemonium on June 24, 2018.
             The game lasted 08:50:02 (70280 turns).

magipi the Champion of Chaos (GnFE)                Turns: 70280, Time: 08:50:03

Health: -3/215     AC: 17    Str: 14    XL:     27
Magic:  45/45      EV: 36    Int: 24    God:    Makhleb [******]
Gold:   2783       SH:  0    Dex: 27    Spells: 14/62 levels left

rFire    + . .     SeeInvis +   b - +9 battleaxe (holy)
rCold    + + .     Gourm    .   (shield currently unavailable)
rNeg     + . .     Faith    .   i - +2 robe {rC+ rF+}
rPois    +         Spirit   .   z - +5 helmet of the Hippo {Str+4 Int-3}
rElec    +         Reflect  .   C - +1 cloak of Starlight {rElec rC+ EV+4 Stlth--}
rCorr    .         Harm     .   k - +1 pair of gloves "Mycwom" {Dex+4}
MR       +++++     Rnd*Rage +   (no boots)
Stlth    +++++.....             O - amulet "Qeni Ipn" {+Fly Regen+}
HPRegen  0.00/turn              p - ring of the Hart {rPois rN+ Dex+2 Slay+3}
MPRegen  0.29/turn              m - ring "Gatenekh" {*Contam MR+++ Str-2 Dex+3 SInv, =R}

@: studying 2 skills
A: distributed training, fangs 1, hooves 1, berserk 1, blink, inhibited
regeneration, strong nose
}: 5/15 runes: decaying, slimy, silver, abyssal, gossamer
a: Blink, Minor Destruction, Lesser Servant of Makhleb, Major Destruction,
Greater Servant of Makhleb, Renounce Religion, Evoke Flight


You were in Pandemonium.
You worshipped Makhleb.
Makhleb was exalted by your worship.
You were not hungry.

You visited 10 branches of the dungeon, and saw 52 of its levels.
You visited Pandemonium 1 time, and saw 1 of its levels.
You visited the Abyss 1 time.
You also visited: Bailey, Ice Cave, Volcano and Wizlab.

You collected 7759 gold pieces.
You spent 4976 gold pieces at shops.

Inventory:

Hand Weapons
 a - a +2 dagger of electrocution
   (You took it off an orc wizard on level 9 of the Dungeon)
 b - a +9 battleaxe of holy wrath (weapon)
   (You took it off an orc warrior on level 2 of the Orcish Mines)
 w - a +5 eveningstar of flaming
   (You took it off Donald on level 4 of the Spider Nest)
Missiles
 r - 4 poisoned javelins (quivered)
Armour
 i - a +2 robe of resistance (worn)
   (You took it off an orc sorcerer on level 2 of the Orcish Mines)
 k - the +1 pair of gloves "Mycwom" (worn) {Dex+4}
   (You found it on level 1 of the Elven Halls)

   It affects your dexterity (+4).
 z - the +5 helmet of the Hippo (worn) {Str+4 Int-3}
   (You found it on level 14 of the Dungeon)

   It affects your strength (+4).
   It affects your intelligence (-3).
 C - the +1 cloak of Starlight (worn) {rElec rC+ EV+4 Stlth--}
   (You found it in a wizard's laboratory)

   It affects your evasion (+4).
   It protects you from cold.
   It insulates you from electricity.
   It makes you much less stealthy.
Jewellery
 c - the ring of Pyromania {rC+ Int+2 Dex+5}
   (You found it on level 2 of the Depths)

   [ring of protection from cold]

   It affects your intelligence (+2).
   It affects your dexterity (+5).
   It protects you from cold.
 f - the ring "Nural" {rF+ Stlth+}
   (You found it on level 3 of the Lair of Beasts)

   [ring of protection from fire]

   It protects you from fire.
   It makes you more stealthy.
 m - the ring "Gatenekh" (right hand) {*Contam MR+++ Str-2 Dex+3 SInv, =R}
   (You found it on level 3 of the Depths)

   [ring of dexterity]

   It affects your strength (-2).
   It affects your dexterity (+3).
   It affects your resistance to hostile enchantments.
   It lets you see invisible.
   It causes magical contamination when unequipped.
 o - an uncursed ring of resist corrosion
   (You found it in an ice cave)
 p - the ring of the Hart (left hand) {rPois rN+ Dex+2 Slay+3}
   (You bought it in a shop on level 2 of the Elven Halls)

   [ring of dexterity]

   It affects your dexterity (+2).
   It affects your accuracy and damage with ranged weapons and melee attacks
   (+3).
   It protects you from poison.
   It protects you from negative energy.
 s - a +6 ring of slaying
   (You took it off a spriggan defender on level 2 of the Depths)
 O - the amulet "Qeni Ipn" (around neck) {+Fly Regen+}
   (You found it on level 2 of the Depths)

   [amulet of regeneration]

   It lets you fly.
   It increases your rate of regeneration.
Wands
 d - a wand of digging (19)
   (You took it off Dowan on level 7 of the Dungeon)
 v - a wand of paralysis (53)
   (You found it on level 5 of the Dungeon)
 D - a wand of enslavement (28)
   (You found it on level 15 of the Dungeon)
 L - a wand of scattershot (11)
   (You found it on level 9 of the Dungeon)
 R - a wand of iceblast (17)
   (You found it on level 3 of the Lair of Beasts)
 V - a wand of polymorph (46)
   (You bought it in a shop on level 2 of the Orcish Mines)
 X - a wand of acid (16)
   (You found it on level 1 of the Elven Halls)
Scrolls
 e - 5 scrolls of blinking
 g - 7 scrolls of teleportation
 j - 21 scrolls of identify
 H - 16 scrolls of remove curse
 K - 3 scrolls of fog
 M - a scroll of summoning
 T - 3 scrolls of fear
 U - 12 scrolls of immolation
 Z - 2 scrolls of magic mapping
Potions
 l - 6 potions of ambrosia
 q - 8 potions of heal wounds
 t - 10 potions of flight
 A - 13 potions of curing
 F - 10 potions of brilliance
 G - 5 potions of cancellation
 I - 6 potions of haste
 J - 3 potions of invisibility
 N - 2 potions of agility
 S - 3 potions of berserk rage
 W - a potion of might
 Y - 4 potions of resistance
Books
 u - a manual of Conjurations
   (You bought it in a shop on level 10 of the Dungeon)
 E - a manual of Long Blades
   (You found it on level 5 of the Vaults)
Miscellaneous
 h - 3 sacks of spiders
 n - 6 phantom mirrors
 P - a lamp of fire
   (You found it in a wizard's laboratory)
 Q - 3 boxes of beasts
Comestibles
 x - 55 rations


   Skills:
 + Level 17.5 Fighting
 + Level 17.5 Short Blades
 + Level 17.7 Long Blades
 + Level 17.5 Axes
 + Level 17.5 Maces & Flails
 + Level 17.5 Polearms
 + Level 17.5 Staves
 + Level 17.5 Slings
 + Level 17.5 Bows
 + Level 17.5 Crossbows
 + Level 17.5 Throwing
 + Level 17.5 Armour
 + Level 17.9 Dodging
 + Level 17.9 Stealth
 + Level 17.5 Shields
 + Level 17.5 Unarmed Combat
 + Level 18.0 Spellcasting
 + Level 16.4 Conjurations
 + Level 15.1 Hexes
 + Level 15.1 Charms
 + Level 15.1 Summonings
 + Level 15.1 Necromancy
 + Level 15.1 Translocations
 + Level 15.1 Transmutations
 + Level 15.8 Fire Magic
 + Level 15.1 Ice Magic
 + Level 15.1 Air Magic
 + Level 15.1 Earth Magic
 + Level 15.1 Poison Magic
 + Level 18.8 Invocations
 + Level 17.5 Evocations


You had 14 spell levels left.
You knew the following spells:

 Your Spells              Type           Power        Failure   Level  Hunger
a - Apportation           Tloc           ######       0%          1    None
b - Blink                 Tloc           N/A          0%          2    None
c - Conjure Flame         Conj/Fire      #######.     0%          3    None
d - Animate Dead          Necr           N/A          1%          4    None
e - Animate Skeleton      Necr           N/A          0%          1    None
f - Fireball              Conj/Fire      #######...   1%          5    None
g - Freezing Cloud        Conj/Ice/Air   #######...   1%          6    ###....
i - Invisibility          Hex            #######.     1%          6    ###....
k - Borgnjor's Vile Clut  Necr/Erth      #######...   1%          5    None
o - Ozocubu's Armour      Chrm/Ice       #######.     0%          3    None
r - Regeneration          Chrm/Necr      #######...   0%          3    None
v - Summon Mana Viper     Hex/Summ       #######.     1%          5    None
y - Sticky Flame          Conj/Fire      #######.     1%          4    None

Your spell library contained the following spells:

 Spells                   Type           Power        Failure   Level  Hunger
 Cause Fear               Hex            #######...   1%          4    None
 Magic Dart               Conj           ####         0%          1    None
 Bolt of Fire             Conj/Fire      #######...   1%          6    ###....
 Bolt of Magma            Conj/Fire/Erth #######...   1%          5    None
 Slow                     Hex            #######.     0%          2    None
 Confuse                  Hex            #######.     0%          3    None
 Throw Flame              Conj/Fire      ######       0%          2    None
 Throw Frost              Conj/Ice       ######       0%          2    None
 Controlled Blink         Tloc           N/A          30%         8    ######.
 Mephitic Cloud           Conj/Pois/Air  #######.     0%          3    None
 Summon Small Mammal      Summ           ####         0%          1    None
 Bolt of Draining         Conj/Necr      #######...   1%          5    None
 Pain                     Necr           ####         0%          1    None
 Vampiric Draining        Necr           #######...   0%          3    None
 Haunt                    Necr/Summ      #######...   4%          7    #####..
 Freeze                   Ice            ####         0%          1    None
 Summon Ice Beast         Ice/Summ       #######.     1%          4    None
 Call Imp                 Summ           #######.     0%          2    None
 Sublimation of Blood     Necr           #######...   0%          2    None
 Summon Demon             Summ           #######...   1%          5    None
 Corpse Rot               Necr           N/A          0%          2    None
 Iron Shot                Conj/Erth      #######...   1%          6    ###....
 Stone Arrow              Conj/Erth      ######       0%          3    None
 Shock                    Conj/Air       ####         0%          1    None
 Swiftness                Chrm/Air       #######.     0%          2    None
 Recall                   Summ/Tloc      N/A          0%          3    None
 Agony                    Necr           #######.     1%          5    None
 Spider Form              Tmut/Pois      #######...   0%          3    None
 Blade Hands              Tmut           #######...   1%          5    None
 Statue Form              Tmut/Erth      #######..    1%          6    ###....
 Ice Form                 Ice/Tmut       #######.     1%          4    None
 Dragon Form              Tmut           #######...   4%          7    #####..
 Death Channel            Necr           #######...   1%          6    ###....
 Deflect Missiles         Chrm/Air       #######...   1%          6    ###....
 Throw Icicle             Conj/Ice       #######.     1%          4    None
 Airstrike                Air            #######...   1%          4    None
 Shadow Creatures         Summ           N/A          1%          6    ###....
 Confusing Touch          Hex            ######       0%          1    None
 Flame Tongue             Conj/Fire      #####        0%          1    None
 Passwall                 Tmut/Erth      #######.     0%          2    None
 Ignite Poison            Fire/Tmut/Pois #######.     0%          3    None
 Sticks to Snakes         Tmut           #######.     0%          2    None
 Call Canine Familiar     Summ           #######.     0%          3    None
 Ensorcelled Hibernation  Hex/Ice        ######       0%          2    None
 Metabolic Englaciation   Hex/Ice        #######...   1%          5    None
 Summon Butterflies       Summ           #######.     0%          1    None
 Silence                  Hex/Air        #######...   1%          5    None
 Static Discharge         Conj/Air       #######.     0%          3    None
 Corona                   Hex            #######      0%          1    None
 Alistair's Intoxication  Tmut/Pois      #######.     1%          5    None
 Lee's Rapid Deconstruct  Erth           #######...   1%          5    None
 Sandblast                Erth           ######       0%          1    None
 Simulacrum               Ice/Necr       #######...   1%          6    ###....
 Conjure Ball Lightning   Conj/Air       #######...   1%          6    ###....
 Excruciating Wounds      Chrm/Necr      #######...   1%          5    None
 Portal Projectile        Hex/Tloc       ######       0%          3    None
 Petrify                  Tmut/Erth      #######.     1%          4    None
 Passage of Golubria      Tloc           N/A          1%          4    None
 Malign Gateway           Summ/Tloc      #######...   4%          7    #####..
 Tornado                  Air            #######...   99%         9    #######
 Leda's Liquefaction      Hex/Erth       #######...   1%          4    None
 Summon Hydra             Summ           #######...   4%          7    #####..
 Darkness                 Hex            #######...   1%          6    ###....
 Shroud of Golubria       Chrm/Tloc      #######...   0%          2    None
 Inner Flame              Hex/Fire       #######.     0%          3    None
 Aura of Abjuration       Summ           #######...   1%          5    None
 Beastly Appendage        Tmut           ######       0%          1    None
 Disjunction              Tloc           #######...   30%         8    ######.
 Fulminant Prism          Conj/Hex       #######...   1%          4    None
 Infusion                 Chrm           ####         0%          1    None
 Song of Slaying          Chrm           #######.     0%          2    None
 Spectral Weapon          Hex/Chrm       #######.     0%          3    None
 Summon Forest            Summ/Tloc      #######...   1%          5    None
 Summon Lightning Spire   Summ/Air       #######.     1%          4    None
 Summon Guardian Golem    Hex/Summ       #######.     0%          3    None
 Dragon's Call            Summ           #######...   99%         9    #######
 Spellforged Servitor     Conj/Summ      #######...   3%          7    #####..
 Hydra Form               Tmut           #######...   1%          6    ###....
 Irradiate                Conj/Tmut      #######...   1%          5    None
 Gell's Gravitas          Tloc           #######...   0%          3    None
 Yara's Violent Unravell  Hex/Tmut       #######...   1%          5    None


Dungeon Overview and Level Annotations

Branches:
Dungeon (15/15)            Temple (0/1) D:4            Lair (6/6) D:9
  Swamp (4/4) Lair:4       Spider (4/4) Lair:2        Slime (5/5) Lair:6
    Orc (2/2) D:9             Elf (3/3) Orc:2        Vaults (5/5) D:14
  Crypt (3/3) Vaults:3       Tomb (0/3) Crypt:3      Depths (5/5) D:15
    Zot (0/5) Depths:5

Altars:
Ashenzari
Cheibriados
Dithmenos
Gozag
Hepliaklqana
Kikubaaqudgha
Makhleb
Nemelex Xobeh
Okawaru
Qazlal
Vehumet
Wu Jian
Xom
Yredelemnul
Zin
Beogh
Jiyva

Shops:
D:4 :   D:5 *   D:9 }   D:10 **(%   D:11 (   Orc:1 !   Orc:2 ((**   Elf:2 =
Elf:3 *   Vaults:4 =*   Depths:5 %

Portals:
Hell: Depths:1 Depths:2 Depths:3 Depths:4 Depths:5
Abyss: Depths:3 Depths:4
Pandemonium: Depths:3 Depths:4
Ziggurat: Depths:4

Annotations:
Lair:1 exclusions: oklob plant and plant
Swamp:3 3 runed doors, exclusion: 3 doors, Etzut Fieg's ghost, adept MiFi
Spider:2 Mara
Vaults:2 3 runed doors, inc's ghost, adept FeFE
Vaults:3 3 runed doors, Qagip's ghost, veteran GrEE
Vaults:4 Boris


Innate Abilities, Weirdness & Mutations

Your experience applies equally to all skills.
You have very sharp teeth.
Your uncanny sense of smell can sniff out nearby items.
You have large cloven feet.
You tend to lose your temper in combat.
You can translocate small distances at will.
You do not regenerate when monsters are visible.


Message History

You hit the hellwing.
The hellwing convulses.
Unknown command.
You slash the hellwing!
The hellwing convulses!
You kick the hellwing, but do no damage.
The hellwing is severely wounded.
The hellwing completely misses you. x2
Unknown command.
You slice the hellwing!!
You kill the hellwing!
Makhleb accepts your kill.
Unknown command.
Unknown command.
You slice the Hell Sentinel!!
The Hell Sentinel convulses.
You kick the Hell Sentinel, but do no damage.
The Hell Sentinel is lightly wounded.
The Hell Sentinel gestures at you.
The sphere of damnation explodes!
The damnation engulfs you!
The damnation engulfs the Hell Sentinel.
The Hell Sentinel completely resists.
A hellwing comes into view.
You hear a roar!
You slash the Hell Sentinel!
The Hell Sentinel convulses.
You kick the Hell Sentinel, but do no damage.
You bite the Hell Sentinel, but do no damage.
The Hell Sentinel is moderately wounded.
The Hell Sentinel gestures at you. The iron shot hits you!
Unknown command.
You slash the Hell Sentinel!
The Hell Sentinel convulses!
You kick the Hell Sentinel, but do no damage.
The Hell Sentinel is heavily wounded.
The Hell Sentinel gestures at you.
The sphere of damnation explodes!
The damnation engulfs you!
The damnation engulfs the Hell Sentinel.
The Hell Sentinel completely resists.
You hear a roar!
You hear a shout!
You are struck by the Hell Sentinel's spines.
You slash the Hell Sentinel!
The Hell Sentinel convulses!
You kick the Hell Sentinel, but do no damage.
You bite the Hell Sentinel, but do no damage.
The Hell Sentinel is heavily wounded.
The Hell Sentinel completely misses you.
The Hell Sentinel hits you but does no damage.
You slash the Hell Sentinel!
The Hell Sentinel convulses!
You kick the Hell Sentinel, but do no damage.
You bite the Hell Sentinel, but do no damage.
The Hell Sentinel is severely wounded.
The Hell Sentinel hits you! x2
* * * LOW HITPOINT WARNING * * *
You hit the Hell Sentinel.
The Hell Sentinel convulses.
You kick the Hell Sentinel, but do no damage.
The Hell Sentinel is severely wounded.
A smoke demon comes into view.
A smoke demon comes into view.
The smoke demon roars!
You hit the Hell Sentinel.
The Hell Sentinel convulses!
You kick the Hell Sentinel, but do no damage.
The Hell Sentinel is almost dead.
The Hell Sentinel completely misses you.
The Hell Sentinel closely misses you.
Unknown command.
You slash the Hell Sentinel!
The Hell Sentinel convulses.
You kick the Hell Sentinel, but do no damage.
The Hell Sentinel is almost dead.
The Hell Sentinel misses you.
The Hell Sentinel hits you but does no damage.
Unknown command.
You are struck by the Hell Sentinel's spines.
* * * LOW HITPOINT WARNING * * *
You hit the Hell Sentinel but do no damage.
You kick the Hell Sentinel, but do no damage.
You bite the Hell Sentinel, but do no damage.
The Hell Sentinel is almost dead.
You slash the hellwing!
The hellwing convulses!
The Hell Sentinel hits you!!
* * * LOW HITPOINT WARNING * * *
The Hell Sentinel completely misses you.
You hit the Hell Sentinel.
The Hell Sentinel convulses.
You kick the Hell Sentinel, but do no damage.
The Hell Sentinel is almost dead.
You slice the hellwing!!
You kill the hellwing!
Makhleb accepts your kill.
You feel better.
The Hell Sentinel completely misses you. x2
You hit the Hell Sentinel but do no damage.
You kick the Hell Sentinel, but do no damage.
The Hell Sentinel is almost dead.
The smoke demon gestures at you. Something smites you!
* * * LOW HITPOINT WARNING * * *
You hit the Hell Sentinel but do no damage.
You bite the Hell Sentinel, but do no damage.
The Hell Sentinel is almost dead.
The sixfirhy hits you but does no damage.
The Hell Sentinel hits you!
* * * LOW HITPOINT WARNING * * *
The Hell Sentinel barely misses you. The smoke demon gestures at you.
Something smites you!
You die...

....#.#...# ...#.......#
...##.##..#####'#.......#
..##.#.##..#............#
.##.....##..............#
##.......##....##########
..#.....#...####.....
##.......##).....#
.##.....##.......#
..##.#.##....##.@#
#..##.##..#..##.3133....
#...#.#..##..##.###'####
........# #..##.# ..
......### #..##.# ...
###########..##.# ..
..........#.. #.' #
..........# #.#
..........#


You could see a Hell Sentinel, a sixfirhy and 2 smoke demons.

Vanquished Creatures
  the Royal Jelly (Slime:5)
  2 ancient liches
  Mennas (Vaults:5)
  Sojobo (Crypt:2)
  Frederick (Crypt:2)
  Saint Roka (Orc:2)
  Xtahua (Crypt:2)
  A caustic shrike (Depths:2)
  4 golden dragons
  2 bone dragons
  A profane servitor (Crypt:3)
  Arachne (Spider:2)
  7 liches
  Rupert (Orc:2)
  8 tentacled monstrosities
  3 deep elf blademasters
  A deep elf master archer (Elf:3)
  5 titans
  A quicksilver dragon (Vaults:5)
  17 acid blobs
  A quicksilver dragon (shapeshifter) (Depths:4)
  A sphinx (Depths:2)
  12 ancient champions
  5 shadow dragons
  12 tengu reavers
  2 thorn hunters
  7 storm dragons
  7 fire giants
  An iron dragon (Depths:4)
  7 deep elf sorcerers
  3 revenants
  2 azure jellies (Slime:5)
  A cacodemon (Pan)
  11 vault wardens
  An orc warlord (Orc:2)
  13 frost giants
  3 emperor scorpions (Spider:4)
  6 ghost moths (Spider:4)
  A corrupter (Pan)
  A balrug (WizLab)
  Aizul (Elf:1)
  2 curse skulls (Crypt:3)
  A draconian scorcher (Depths:5)
  A black sun (WizLab)
  10 ghouls
  5 deep elf elementalists
  16 ironheart preservers
  A caustic shrike skeleton (Depths:2)
  A reaper (Pan)
  4 entropy weavers
  14 very ugly things
  3 war gargoyles (Vaults:5)
  A spriggan defender (Depths:2)
  A draconian annihilator (Depths:5)
  10 deep elf demonologists
  9 vampire knights
  22 stone giants
  A green draconian (Depths:5)
  3 black draconians (Depths:5)
  Nessos (Lair:5)
  10 deep elf annihilators
  7 spark wasps
  A purple draconian (Depths:5)
  6 red draconians
  3 yellow draconians (Depths:5)
  A blizzard demon (WizLab)
  A white draconian (Depths:5)
  A crystal guardian (Vaults:3)
  6 deep elf death magi
  5 eidola
  9 jiangshi
  A quicksilver dragon zombie (Crypt:1)
  10 fire dragons
  2 mummy priests (Crypt:3)
  A merfolk impaler (Abyss:3)
  6 deep elf high priests
  5 death oozes
  9 ettins
  Josephine (Lair:6)
  12 yaktaur captains
  17 hydras
  A ghost crab (Swamp:3)
  2 spriggan air magi
  A quicksilver dragon skeleton (Crypt:2)
  A hydra (shapeshifter) (Depths:5)
  8 great orbs of eyes
  11 ice dragons
  4 rakshasas
  24 vault guards (Vaults:5)
  A hell beast (WizLab)
  9 centaur warriors
  23 dancing weapons
  13 alligators
  A tengu warrior (D:13)
  18 ogre magi
  A deep troll shaman (Depths:3)
  53 two-headed ogres
  8 death yaks
  7 deep troll earth magi
  6 death knights
  2 hell hogs (Depths:4)
  2 thrashing horrors (Abyss:3)
  8 vampire magi
  6 orc high priests
  4 spriggan berserkers
  8 soul eaters
  18 deep elf knights
  A sun demon (WizLab)
  A fire crab (shapeshifter) (Depths:2)
  Nergalle (Lair:3)
  35 skeletal warriors
  7 hell knights
  2 deep trolls (shapeshifter)
  3 sixfirhies
  16 deep trolls
  3 iron trolls
  An unseen horror (shapeshifter) (Vaults:3)
  A torturous demonspawn (Pan)
  5 swamp dragons
  3 shambling mangroves
  A sea snake (shapeshifter) (Vaults:3)
  4 glowing orange brains
  4 shadow demons
  12 flayed ghosts
  4 unseen horrors
  18 deep elf archers
  A spriggan druid (Swamp:4)
  A wolf spider zombie (D:15)
  15 orc knights
  16 ironbrand convokers
  78 deep elf magi
  10 necromancers
  10 phantasmal warriors
  An orb spider (shapeshifter) (Vaults:3)
  4 wizards
  A manticore (shapeshifter) (Depths:4)
  9 orb spiders
  An iron dragon zombie (Crypt:1)
  27 wolf spiders
  5 harpies (Vaults:1)
  39 ugly things
  2 tengu skeletons
  3 cyclopes
  11 orc sorcerers
  2 human zombies (Vaults:1)
  An iron dragon skeleton (Crypt:2)
  4 manticores
  2 shining eyes (Slime:4)
  A dire elephant zombie (Crypt:1)
  2 ice statues (IceCv)
  15 vault sentinels
  3 elephants
  3 rust devils (WizLab)
  2 black mambas
  An eye of devastation (shapeshifter) (Vaults:4)
  2 orange demons
  3 gargoyles
  4 torpor snails
  2 eyes of devastation
  A large abomination (Abyss:3)
  19 spiny frogs
  A hellion (WizLab)
  6 komodo dragons
  3 smoke demons
  A purple draconian zombie (Crypt:1)
  14 freezing wraiths
  2 kobold demonologists (D:13)
  3 tormentors (WizLab)
  An emperor scorpion zombie (Crypt:1)
  35 yaktaurs
  5 hellwings
  4 rime drakes
  3 tengu conjurers
  An efreet (D:15)
  An ancient zyme (Abyss:3)
  4 demonic crawlers
  A white draconian skeleton (Crypt:2)
  3 guardian mummies (Crypt:3)
  4 red devils (WizLab)
  2 ice devils
  25 jumping spiders
  12 trolls
  A jumping spider (shapeshifter) (Depths:2)
  A meliai (shapeshifter) (Depths:2)
  3 polar bears
  A shadow dragon simulacrum (Depths:4)
  A wolf spider simulacrum (Crypt:1)
  7 tyrant leeches
  A polar bear (shapeshifter) (D:14)
  26 hornets
  An ice dragon zombie (Crypt:2)
  11 hippogriffs
  84 slime creatures
  13 blink frogs
  A meliai zombie (Crypt:1)
  A raiju (shapeshifter) (Depths:2)
  A spriggan zombie (D:15)
  13 bog bodies
  A fire dragon skeleton (D:15)
  A raiju (Abyss:3)
  A fire giant simulacrum (Vaults:3)
  A frost giant simulacrum (Crypt:3)
  2 vampires (D:14)
  A deep troll skeleton (D:15)
  2 ettin skeletons
  A tarantella (shapeshifter) (Depths:1)
  46 redbacks
  An alligator skeleton (Crypt:2)
  5 flying skulls (Crypt:3)
  7 ynoxinuls
  7 fire bats
  A shadow (Crypt:3)
  9 spriggans
  4 water elementals
  An air elemental (Elf:3)
  20 tarantellas
  4 wyverns
  A redback (shapeshifter) (Vaults:5)
  13 wraiths
  A spriggan simulacrum (Depths:4)
  4 basilisks
  A hog (shapeshifter) (Depths:2)
  2 humans (shapeshifter)
  36 yaks
  A neqoxec (Abyss:3)
  5 small abominations
  6 golden eyes (Slime:3)
  A golden eye (shapeshifter) (Depths:5)
  2 steam dragons (Lair:6)
  An ushabti (Crypt:3)
  12 vampire mosquitoes
  2 hungry ghosts
  2 fire elementals
  5 chaos spawn
  2 merfolk zombies (Crypt:2)
  16 soldier ants
  6 wargs
  16 swamp worms
  7 insubstantial wisps
  Edmund (D:5)
  An elf skeleton (Vaults:1)
  4 acid dragons
  9 water moccasins
  9 hell hounds (Depths:4)
  Duvessa (D:7)
  A monstrous demonspawn skeleton (Crypt:1)
  A floating eye (shapeshifter) (Depths:3)
  8 porcupines
  9 swamp drakes
  3 sky beasts
  17 ice beasts
  A black bear (D:7)
  57 orc warriors
  4 phantoms
  An ice beast (shapeshifter) (Depths:5)
  6 necrophages
  An eye of draining (shapeshifter) (D:13)
  10 boggarts
  9 wolves
  7 eyes of draining
  37 ogres
  17 centaurs
  A snapping turtle skeleton (Crypt:3)
  10 crocodiles
  A manticore skeleton (Crypt:2)
  4 big kobolds
  2 wyvern zombies (D:6)
  13 bullfrogs
  2 earth elementals
  A human skeleton (Vaults:1)
  Dowan (D:7)
  A komodo dragon skeleton (Crypt:2)
  3 scorpions
  A troll zombie (D:9)
  2 water moccasin skeletons
  A wyvern skeleton (D:7)
  A polar bear zombie (Crypt:1)
  A shapeshifter zombie (Crypt:3)
  An elf simulacrum (Vaults:4)
  20 killer bees
  18 wights
  6 howler monkeys
  8 lava snakes (Volcano)
  A polar bear skeleton (Crypt:3)
  8 crimson imps
  5 bullfrog zombies
  5 centaur zombies
  2 quasits
  11 jellies
  33 orc priests
  6 hounds
  23 orc wizards
  3 bullfrog skeletons
  9 centaur skeletons
  5 iguanas
  22 worker ants
  5 ogre zombies (D:9)
  A crocodile zombie (Crypt:3)
  2 dwarf skeletons
  A deep dwarf skeleton (Crypt:3)
  2 hound zombies
  2 hound skeletons
  A howler monkey zombie (D:6)
  2 worker ant zombies
  A howler monkey skeleton (D:7)
  11 adders
  7 gnolls
  A river rat (shapeshifter) (Vaults:5)
  8 shadow imps
  5 oozes
  4 adder zombies
  2 adder skeletons
  2 worms
  3 dart slugs
  7 leopard geckos
  134 orcs
  5 giant cockroaches
  9 goblins
  7 hobgoblins
  10 jackals
  5 quokkas
  3 ball pythons
  A ball python zombie (D:6)
  7 bats
  7 frilled lizards
  3 goblin zombies (D:9)
  5 hobgoblin zombies
  A jackal skeleton (D:8)
  42 kobolds
  2 leopard gecko skeletons
  2 leopard gecko zombies
  An orc skeleton (D:9)
  11 orc zombies (D:9)
  A quokka skeleton (D:2)
  A quokka zombie (D:6)
  8 rats
  A plant (Lair:6)
2373 creatures vanquished.

Vanquished Creatures (collateral kills)
  A juggernaut (Depths:3)
  Nikola (Spider:4)
  2 golden dragons
  A Hellbinder (WizLab)
  A tentacled monstrosity (Depths:3)
  A titan (Depths:4)
  A quicksilver dragon (Vaults:5)
  A sphinx (Vaults:3)
  A tengu reaver (Vaults:5)
  Donald (Spider:4)
  A storm dragon (Vaults:5)
  A draconian knight (Depths:5)
  An iron dragon (Depths:4)
  2 vault wardens (Vaults:5)
  A frost giant (Vaults:5)
  A ghoul (Crypt:2)
  5 very ugly things
  A spriggan defender (Depths:5)
  2 entropy weavers
  A war gargoyle (Vaults:5)
  An ironheart preserver (Vaults:1)
  A stone giant (Depths:1)
  A green draconian (Depths:5)
  A lorocyproca (WizLab)
  A deep elf demonologist (Depths:4)
  A black draconian (Depths:5)
  A blizzard demon (WizLab)
  2 fire dragons
  An ettin (Depths:4)
  A deep elf death mage (Depths:2)
  A jiangshi (Crypt:1)
  3 yaktaur captains
  A great orb of eyes (Depths:1)
  An ice dragon (Depths:1)
  A vault guard (Vaults:5)
  3 hydras (Swamp:4)
  A hell beast (WizLab)
  A spriggan air mage (Depths:4)
  A death knight (Crypt:1)
  4 two-headed ogres
  3 alligators
  A deep troll shaman (Depths:3)
  A queen ant (Spider:3)
  2 ogre magi
  A deep troll earth mage (Depths:4)
  2 death yaks (Lair:5)
  2 dancing weapons
  A soul eater (WizLab)
  An iron troll (Depths:1)
  A skeletal warrior (Crypt:2)
  2 glowing orange brains (Depths:1)
  A hell knight (Depths:5)
  A shadow wraith (Crypt:2)
  3 flayed ghosts
  2 deep trolls (Vaults:5)
  A spriggan druid (Swamp:4)
  A shambling mangrove (Swamp:3)
  4 swamp dragons (Swamp:4)
  11 orb spiders
  An anaconda skeleton (Crypt:2)
  2 orc knights (Vaults:1)
  4 ironbrand convokers
  An orc sorcerer (Vaults:1)
  12 ugly things
  4 deep elf magi
  A faun (shapeshifter) (Depths:2)
  8 wolf spiders
  3 elephants
  2 vault sentinels
  2 spiny frogs
  A centaur skeleton (D:14)
  An emperor scorpion zombie (Crypt:2)
  4 komodo dragons
  7 yaktaurs
  5 demonic crawlers
  2 tyrant leeches (Swamp:2)
  A merfolk (shapeshifter) (Vaults:5)
  A queen bee (D:9)
  2 trolls
  11 jumping spiders
  7 hornets
  3 bog bodies
  3 blink frogs
  9 slime creatures
  2 hippogriffs
  A wraith (Crypt:2)
  A spriggan (shapeshifter) (Depths:2)
  A shadow (Swamp:4)
  7 tarantellas
  16 yaks
  28 redbacks
  A water elemental (Depths:3)
  A hog (shapeshifter) (Depths:1)
  A basilisk (Lair:6)
  2 spriggans
  A wyvern (Lair:6)
  A chaos spawn (WizLab)
  An acid dragon (Vaults:1)
  2 swamp worms (Swamp:1)
  2 wargs
  4 insubstantial wisps
  8 soldier ants (Spider:3)
  A water moccasin (Lair:6)
  5 orc warriors
  A sky beast (D:7)
  8 swamp drakes
  A black bear (Lair:1)
  A necrophage (Crypt:2)
  2 wolves (Lair:2)
  3 centaurs (Vaults:1)
  6 ogres
  A torpor snail zombie (Crypt:3)
  6 bullfrogs
  A big kobold (D:13)
  4 killer bees (D:9)
  An electric eel (Spider:1)
  A wight (D:11)
  A bullfrog zombie (D:12)
  A centaur zombie (D:9)
  A jelly (D:12)
  3 orc wizards
  A hound (D:12)
  3 orc priests
  An iron imp (Depths:1)
  3 iguanas (Lair:6)
  6 worker ants
  An adder (D:11)
  2 shadow imps
  A white imp (Depths:5)
  18 orcs
  6 fungi
  3 plants
366 creatures vanquished.

Vanquished Creatures (others)
  Asterion (Spider:2)
  A tengu reaver (Crypt:2)
  A spark wasp (Depths:3)
  3 ettins
  A jiangshi (Crypt:2)
  A deep troll shaman (Depths:1)
  2 deep trolls (Depths:1)
  A shadow wraith (Crypt:3)
  An unseen horror (shapeshifter) (Depths:2)
  A spriggan druid (Swamp:4)
  3 phantasmal warriors
  A wolf spider (Spider:4)
  A yaktaur (Depths:2)
  A tarantella (Spider:4)
  A hornet (Swamp:4)
  A redback (Spider:1)
  An ushabti (Crypt:3)
  A soldier ant (Spider:3)
  A swamp worm (Swamp:3)
  A swamp drake (Swamp:3)
  An orc warrior (Orc:2)
  A boggart (Depths:3)
  An orc wizard (Orc:2)
  A howler monkey zombie (Crypt:2)
  An orc (D:15)
  2 briar patches (Swamp:2)
  7 fungi
  A lurking horror (Abyss:3)
  14 plants
  10 toadstools
64 creatures vanquished.

Grand Total: 2803 creatures vanquished

Notes
Turn   | Place    | Note
-------+----------+-------------------------------------------
     0 | D:1      | magipi the Gnoll Fire Elementalist began the quest for the Orb.
     0 | D:1      | Reached XP level 1. HP: 13/13 MP: 6/6
   183 | D:1      | Reached XP level 2. HP: 19/19 MP: 5/7
   815 | D:1      | Reached XP level 3. HP: 25/25 MP: 6/9
   821 | D:1      | Reached skill level 5 in Spellcasting
   896 | D:2      | Learned a level 3 spell: Conjure Flame
  1150 | D:2      | Found a burning altar of Makhleb.
  1187 | D:2      | Became a worshipper of Makhleb the Destroyer
  1234 | D:2      | Reached skill level 1 in Invocations
  1559 | D:2      | Reached skill level 1 in Fighting
  1559 | D:2      | Reached skill level 1 in Short Blades
  1559 | D:2      | Reached skill level 1 in Long Blades
  1559 | D:2      | Reached skill level 1 in Axes
  1559 | D:2      | Reached skill level 1 in Maces & Flails
  1559 | D:2      | Reached skill level 1 in Polearms
  1559 | D:2      | Reached skill level 1 in Staves
  1559 | D:2      | Reached skill level 1 in Slings
  1559 | D:2      | Reached skill level 1 in Bows
  1559 | D:2      | Reached skill level 1 in Crossbows
  1559 | D:2      | Reached skill level 1 in Throwing
  1559 | D:2      | Reached skill level 1 in Armour
  1559 | D:2      | Reached skill level 1 in Shields
  1559 | D:2      | Reached skill level 1 in Unarmed Combat
  1559 | D:2      | Reached skill level 1 in Evocations
  1757 | D:2      | Reached XP level 4. HP: 25/32 MP: 3/11
  1932 | D:2      | Reached skill level 1 in Hexes
  1932 | D:2      | Reached skill level 1 in Charms
  1932 | D:2      | Reached skill level 1 in Summonings
  1932 | D:2      | Reached skill level 1 in Necromancy
  1932 | D:2      | Reached skill level 1 in Translocations
  1932 | D:2      | Reached skill level 1 in Transmutations
  1932 | D:2      | Reached skill level 1 in Ice Magic
  1932 | D:2      | Reached skill level 1 in Air Magic
  1932 | D:2      | Reached skill level 1 in Earth Magic
  1932 | D:2      | Reached skill level 1 in Poison Magic
  2126 | D:3      | Found an iron altar of Okawaru.
  2150 | D:3      | Found a stormy altar of Qazlal.
  2272 | D:3      | Found a snail-covered altar of Cheibriados.
  2293 | D:3      | Learned a level 4 spell: Sticky Flame
  2401 | D:3      | Reached * piety under Makhleb
  2439 | D:3      | Reached XP level 5. HP: 32/37 MP: 3/12
  3092 | D:4      | Found Reakepil's Book Shop.
  3152 | D:4      | Found an ornate altar of the Wu Jian Council.
  3162 | D:4      | Found a staircase to the Ecumenical Temple.
  3395 | D:4      | Reached XP level 6. HP: 36/44 MP: 9/13
  3509 | D:4      | Found a radiant altar of Vehumet.
  3714 | D:5      | Entered Level 5 of the Dungeon
  3879 | D:5      | Reached skill level 5 in Dodging
  3892 | D:5      | Found a shadowy altar of Dithmenos.
  3987 | D:5      | Reached ** piety under Makhleb
  4031 | D:5      | Got a brightly glowing morningstar
  4042 | D:5      | Identified the +4 morningstar "Bugek" {drain, rPois rF+ MR- Dex+3} (You found it on level 5 of the Dungeon)
  4078 | D:5      | Noticed an ice beast
  4084 | D:5      | Killed an ice beast
  4094 | D:5      | Noticed a sky beast
  4106 | D:5      | Reached XP level 7. HP: 49/50 MP: 15/15
  4172 | D:5      | Found a hazy altar of Hepliaklqana.
  4270 | D:5      | Found Quodocoe's General Store.
  4275 | D:5      | Bought a scroll of magic mapping for 42 gold pieces
  4275 | D:5      | Bought a scroll of noise for 12 gold pieces
  4353 | D:5      | Noticed Edmund
  4354 | D:5      | Found a basalt altar of Yredelemnul.
  4383 | D:5      | Killed Edmund
  4451 | D:5      | Reached skill level 5 in Stealth
  4504 | D:5      | Learned a level 5 spell: Fireball
  4667 | D:6      | Reached XP level 8. HP: 57/57 MP: 16/16
  5331 | D:6      | Found a shadowy altar of Dithmenos.
  5460 | D:6      | Found a glowing silver altar of Zin.
  5462 | D:6      | Found an ancient bone altar of Kikubaaqudgha.
  5464 | D:6      | Found a shimmering altar of Xom.
  5464 | D:6      | Found a burning altar of Makhleb.
  5685 | D:6      | Got a crude scale mail
  5694 | D:6      | Identified the +4 scale mail "Beqic" {rElec MR+} (You found it on level 6 of the Dungeon)
  5870 | D:6      | Reached *** piety under Makhleb
  5971 | D:6      | Reached XP level 9. HP: 43/65 MP: 18/18
  6312 | D:7      | Noticed Dowan
  6315 | D:7      | Noticed Duvessa
  6328 | D:7      | Killed Duvessa
  6329 | D:7      | Killed Dowan
  6583 | D:7      | Found a shattered altar of Ashenzari.
  7136 | D:7      | Reached **** piety under Makhleb
  7207 | D:8      | Reached skill level 5 in Invocations
  7271 | D:7      | Reached XP level 10. HP: 45/73 MP: 20/20
  7440 | D:8      | Found a flagged portal.
  7566 | D:8      | Paralysed by a hornet for 2 turns
  7571 | D:8      | Reached skill level 5 in Fighting
  7571 | D:8      | Reached skill level 5 in Short Blades
  7571 | D:8      | Reached skill level 5 in Long Blades
  7571 | D:8      | Reached skill level 5 in Axes
  7571 | D:8      | Reached skill level 5 in Maces & Flails
  7571 | D:8      | Reached skill level 5 in Polearms
  7571 | D:8      | Reached skill level 5 in Staves
  7571 | D:8      | Reached skill level 5 in Slings
  7571 | D:8      | Reached skill level 5 in Bows
  7571 | D:8      | Reached skill level 5 in Crossbows
  7571 | D:8      | Reached skill level 5 in Throwing
  7571 | D:8      | Reached skill level 5 in Armour
  7571 | D:8      | Reached skill level 5 in Shields
  7571 | D:8      | Reached skill level 5 in Unarmed Combat
  7571 | D:8      | Reached skill level 5 in Evocations
  7599 | Bailey   | Entered a bailey
  7618 | Bailey   | Noticed an orc warlord
  8334 | D:8      | Found a shimmering altar of Xom.
  8496 | D:8      | Found an opulent altar of Gozag.
  9011 | D:9      | Reached ***** piety under Makhleb
  9056 | D:9      | Reached skill level 5 in Conjurations
  9347 | D:4      | Bought a book of Necromancy for 300 gold pieces
  9377 | D:5      | Bought a scroll of identify for 24 gold pieces
  9377 | D:5      | Bought a scroll of identify for 24 gold pieces
  9377 | D:5      | Bought a scroll of identify for 24 gold pieces
  9382 | D:5      | Learned a level 1 spell: Animate Skeleton
  9387 | D:5      | Learned a level 4 spell: Animate Dead
  9391 | D:5      | Learned a level 3 spell: Regeneration
  9502 | D:9      | Found a staircase to the Orcish Mines.
  9718 | D:9      | Found a staircase to the Lair.
  9796 | D:9      | Found Refyt's Gadget Boutique.
  9986 | D:9      | Reached XP level 11. HP: 75/81 MP: 22/22
 10455 | D:10     | Entered Level 10 of the Dungeon
 10455 | D:10     | Found Fifuvol's Antique Weapon Boutique.
 10471 | D:10     | Found an ancient bone altar of Kikubaaqudgha.
 10499 | D:10     | Found Baakhlesu's General Store.
 10513 | D:10     | Bought a potion of curing for 33 gold pieces
 10513 | D:10     | Bought a scroll of identify for 22 gold pieces
 10521 | D:10     | Noticed a two-headed ogre
 10550 | D:10     | Killed a two-headed ogre
 10595 | D:10     | Found Qauco's General Store.
 10742 | D:10     | Noticed a two-headed ogre
 10749 | D:10     | Killed a two-headed ogre
 10749 | D:10     | Reached skill level 5 in Hexes
 10749 | D:10     | Reached skill level 5 in Charms
 10749 | D:10     | Reached skill level 5 in Summonings
 10749 | D:10     | Reached skill level 5 in Necromancy
 10749 | D:10     | Reached skill level 5 in Translocations
 10749 | D:10     | Reached skill level 5 in Transmutations
 10749 | D:10     | Reached skill level 5 in Ice Magic
 10749 | D:10     | Reached skill level 5 in Air Magic
 10749 | D:10     | Reached skill level 5 in Earth Magic
 10749 | D:10     | Reached skill level 5 in Poison Magic
 10930 | D:10     | Found Eziudekhey's Food Emporium.
 11100 | D:10     | Noticed a centaur warrior
 11127 | D:10     | Killed a centaur warrior
 11321 | D:11     | Noticed a cyan ugly thing
 11377 | D:11     | Found Wekhliuni's Weapon Boutique.
 11598 | D:11     | Noticed a two-headed ogre
 11622 | D:11     | Killed a two-headed ogre
 11706 | D:11     | Noticed a skeletal warrior
 11743 | D:11     | Noticed a skeletal warrior
 11743 | D:11     | Noticed a skeletal warrior
 11849 | Lair:1   | Entered Level 1 of the Lair of Beasts
 11890 | Lair:1   | Reached ****** piety under Makhleb
 12087 | Lair:1   | Reached XP level 12. HP: 89/89 MP: 24/24
 12145 | Lair:1   | Found a basalt altar of Yredelemnul.
 12467 | Lair:2   | Found a hole to the Spider Nest.
 13033 | Lair:2   | Noticed a five-headed hydra
 13043 | Lair:2   | Killed a five-headed hydra
 13298 | Lair:3   | Noticed Nergalle
 13461 | Lair:3   | Killed Nergalle
 13568 | Lair:3   | Learned a level 1 spell: Apportation
 13891 | Lair:3   | Got a fine wooden ring
 13892 | Lair:3   | Identified the ring "Nural" {rF+ Stlth+} (You found it on level 3 of the Lair of Beasts)
 14081 | Lair:4   | Found a dark tunnel.
 14148 | Volcano  | Entered a volcano
 14496 | Volcano  | Noticed a two-headed ogre
 14496 | Volcano  | Noticed a two-headed ogre
 14505 | Volcano  | Killed a two-headed ogre
 14505 | Volcano  | Reached XP level 13. HP: 98/98 MP: 21/26
 14509 | Volcano  | Noticed a red draconian
 14540 | Volcano  | Killed a red draconian
 14589 | Volcano  | Found a radiant altar of Vehumet.
 14653 | Volcano  | Found a burning altar of Makhleb.
 15224 | Lair:4   | Found a staircase to the Swamp.
 15729 | Lair:5   | Noticed Nessos
 15744 | Lair:5   | Killed Nessos
 15908 | Lair:6   | Entered Level 6 of the Lair of Beasts
 15911 | Lair:6   | Noticed Josephine
 16237 | Lair:6   | Killed Josephine
 16570 | Lair:6   | Found a staircase to the Slime Pits.
 16593 | Lair:6   | Reached skill level 10 in Spellcasting
 16658 | Lair:6   | Reached XP level 14. HP: 106/106 MP: 18/28
 16988 | Lair:6   | Identified a scroll of acquirement
 16992 | Lair:6   | Got a polished cloak
 16993 | Lair:6   | Identified the +1 cloak "Jodemukk" {Int-5 Dex+6 SInv} (You acquired it on level 6 of the Lair of Beasts)
 17040 | Lair:6   | Reached skill level 10 in Dodging
 17522 | Lair:6   | Reached skill level 10 in Stealth
 17798 | Orc:1    | Entered Level 1 of the Orcish Mines
 18000 | D:9      | Reached skill level 10 in Invocations
 18180 | Orc:2    | Entered Level 2 of the Orcish Mines
 18182 | Orc:2    | Noticed Rupert
 18340 | Orc:2    | Killed Rupert
 18618 | Orc:2    | Found a roughly hewn altar of Beogh.
 18793 | Orc:2    | Found Gioshoa's Antique Weapon Emporium.
 18831 | Orc:2    | Found Yhusuf's Weapon Shoppe.
 19111 | Orc:1    | Found Karch's Distillery.
 19121 | Orc:1    | Bought a potion of heal wounds for 60 gold pieces
 19121 | Orc:1    | Bought a potion of resistance for 120 gold pieces
 19121 | Orc:1    | Bought a potion of curing for 36 gold pieces
 19121 | Orc:1    | Bought a potion of curing for 36 gold pieces
 19121 | Orc:1    | Bought a potion of curing for 36 gold pieces
 19121 | Orc:1    | Bought a potion of invisibility for 96 gold pieces
 19121 | Orc:1    | Bought a potion of curing for 36 gold pieces
 19540 | Orc:2    | Reached XP level 15. HP: 106/114 MP: 24/29
 19571 | Orc:2    | Found a staircase to the Elven Halls.
 19686 | Orc:2    | Identified the cursed +0 scale mail of Coidoino {Slay+3} (You found it on level 2 of the Orcish Mines)
 19871 | Orc:2    | Noticed an orc warlord
 19938 | Orc:2    | Killed an orc warlord
 20042 | Orc:2    | Noticed Saint Roka
 20069 | Orc:2    | Killed Saint Roka
 20126 | Orc:2    | Paralysed by an orc sorcerer for 3 turns
 20593 | Orc:2    | Found Eduusule's Assorted Antiques.
 20763 | Orc:2    | Found a roughly hewn altar of Beogh.
 20823 | Orc:2    | Found Kayntari's General Store.
 20924 | Orc:2    | Bought a sheer robe for 210 gold pieces
 20924 | Orc:2    | Bought a scroll of identify for 74 gold pieces
 20924 | Orc:2    | Bought a gold wand for 148 gold pieces
 20924 | Orc:2    | Bought a scroll labeled ZAVIONN MONTIC for 37 gold pieces
 20924 | Orc:2    | Identified the +2 robe of the Sea {rF+ Str+2 Slay+3} (You bought it in a shop on level 2 of the Orcish Mines)
 20971 | Orc:2    | Bought a potion of haste for 110 gold pieces
 20971 | Orc:2    | Bought a scroll of silence for 82 gold pieces
 21177 | D:11     | Reached skill level 10 in Fire Magic
 21628 | D:11     | Reached skill level 10 in Fighting
 21628 | D:11     | Reached skill level 10 in Short Blades
 21628 | D:11     | Reached skill level 10 in Long Blades
 21628 | D:11     | Reached skill level 10 in Axes
 21628 | D:11     | Reached skill level 10 in Maces & Flails
 21628 | D:11     | Reached skill level 10 in Polearms
 21628 | D:11     | Reached skill level 10 in Staves
 21628 | D:11     | Reached skill level 10 in Slings
 21628 | D:11     | Reached skill level 10 in Bows
 21628 | D:11     | Reached skill level 10 in Crossbows
 21628 | D:11     | Reached skill level 10 in Throwing
 21628 | D:11     | Reached skill level 10 in Armour
 21628 | D:11     | Reached skill level 10 in Shields
 21628 | D:11     | Reached skill level 10 in Unarmed Combat
 21628 | D:11     | Reached skill level 10 in Evocations
 22539 | D:13     | Found a frozen archway.
 22634 | IceCv    | Entered an ice cave
 23131 | IceCv    | Reached XP level 16. HP: 122/122 MP: 26/31
 23849 | D:14     | Found a gate to the Vaults.
 24344 | D:14     | Identified the +5 helmet of the Hippo {Str+4 Int-3} (You found it on level 14 of the Dungeon)
 24743 | D:15     | Entered Level 15 of the Dungeon
 25623 | D:15     | Found a staircase to the Depths.
 26545 | Swamp:1  | Entered Level 1 of the Swamp
 26609 | Swamp:1  | Noticed a thorn hunter
 26868 | Swamp:1  | Killed a thorn hunter
 26967 | Swamp:1  | Reached XP level 17. HP: 117/131 MP: 28/33
 28169 | Swamp:3  | Found a runed gate.
 28170 | Swamp:3  | Found a runed gate.
 28171 | Swamp:3  | Found a runed gate.
 28172 | Swamp:3  | Noticed Etzut Fieg's ghost (adept MiFi)
 28759 | Swamp:4  | Entered Level 4 of the Swamp
 29032 | Swamp:4  | Reached skill level 10 in Conjurations
 30209 | Swamp:4  | Paralysed by a hornet for 2 turns
 30281 | Swamp:4  | Got a decaying rune of Zot
 30438 | Spider:1 | Entered Level 1 of the Spider Nest
 30597 | Spider:1 | Reached skill level 10 in Hexes
 30597 | Spider:1 | Reached skill level 10 in Charms
 30597 | Spider:1 | Reached skill level 10 in Summonings
 30597 | Spider:1 | Reached skill level 10 in Necromancy
 30597 | Spider:1 | Reached skill level 10 in Translocations
 30597 | Spider:1 | Reached skill level 10 in Transmutations
 30597 | Spider:1 | Reached skill level 10 in Ice Magic
 30597 | Spider:1 | Reached skill level 10 in Air Magic
 30597 | Spider:1 | Reached skill level 10 in Earth Magic
 30597 | Spider:1 | Reached skill level 10 in Poison Magic
 30687 | Spider:1 | Reached XP level 18. HP: 139/139 MP: 9/34
 30945 | Spider:2 | Noticed Asterion
 30953 | Spider:2 | Killed Asterion
 31272 | Spider:2 | Identified the +2 robe "Suemed" {Int+3} (You found it on level 2 of the Spider Nest)
 31288 | Spider:2 | Noticed Arachne
 31325 | Spider:2 | Killed Arachne
 33069 | Spider:4 | Entered Level 4 of the Spider Nest
 33488 | Spider:4 | Noticed Nikola
 33501 | Spider:4 | Killed Nikola
 33502 | Spider:4 | Noticed Donald
 33526 | Spider:4 | Killed Donald
 34175 | Spider:4 | Upgraded the game from 0.22-a0-525-gf69a080 to 0.22-a0-533-g4d20840
 34597 | Spider:4 | Noticed Mara
 34687 | Spider:4 | Noticed magipi's illusion
 34954 | Vaults:1 | Entered Level 1 of the Vaults
 34966 | D:14     | Learned a level 6 spell: Invisibility
 35501 | Spider:4 | Reached XP level 19. HP: 147/147 MP: 13/36
 36074 | Spider:4 | Noticed magipi's illusion
 36334 | D:4      | Bought a book of Minor Magic for 200 gold pieces
 36334 | D:4      | Bought Sif Muna's Papyrus of Ashen Conjuration for 550 gold pieces
 36339 | D:4      | Learned a level 2 spell: Blink
 36346 | D:4      | Learned a level 6 spell: Freezing Cloud
 36643 | Spider:4 | Noticed magipi's illusion
 36658 | Spider:3 | Noticed magipi's illusion
 36796 | Spider:3 | Noticed magipi's illusion
 37313 | Spider:3 | Noticed magipi's illusion
 37394 | Spider:2 | Noticed magipi's illusion
 37593 | Spider:2 | Upgraded the game from 0.22-a0-533-g4d20840 to 0.22-a0-538-g76cc104
 39422 | Vaults:1 | Identified the Guide on Damage Dealing and the Voyage
 39989 | Vaults:1 | Learned a level 5 spell: Borgnjor's Vile Clutch
 40315 | Depths:1 | Entered Level 1 of the Depths
 40527 | Depths:1 | Reached XP level 20. HP: 155/155 MP: 29/37
 40531 | Depths:1 | Noticed a golden dragon
 40535 | Depths:1 | Killed a golden dragon
 40644 | Depths:1 | Identified the +5 great sword "Opiargh" {flame, *Noise *Corrode +Inv Str+8} (You found it on level 1 of the Depths)
 41090 | Depths:1 | Found a gateway to Hell.
 42223 | Depths:2 | Noticed a caustic shrike
 43330 | Depths:2 | Paralysed by a sphinx for 6 turns
 43843 | Depths:2 | Cast into level 3 of the Abyss (a deep elf demonologist)
 43843 | Abyss:3  | Found a corrupted altar of Lugonu.
 43853 | Abyss:3  | Found a corrupted altar of Lugonu.
 43894 | Abyss:3  | Found a corrupted altar of Lugonu.
 43933 | Abyss:3  | Noticed a hellephant
 43998 | Abyss:3  | Noticed a bone dragon
 44190 | Abyss:3  | Got an abyssal rune of Zot
 44357 | Abyss:3  | Found a corrupted altar of Lugonu.
 44396 | Depths:2 | Escaped the Abyss
 44483 | Depths:2 | Identified the ring of Pyromania {rC+ Int+2 Dex+5} (You found it on level 2 of the Depths)
 44495 | Depths:2 | Identified the amulet "Qeni Ipn" {+Fly Regen+} (You found it on level 2 of the Depths)
 44585 | Depths:2 | Reached XP level 21. HP: 131/163 MP: 26/39
 44626 | Depths:2 | Killed a caustic shrike
 44867 | Depths:2 | Noticed an ancient lich
 44882 | Depths:2 | Killed an ancient lich
 46800 | Vaults:2 | Reached skill level 15 in Invocations
 47032 | Vaults:2 | Found a runed gate.
 47032 | Vaults:2 | Found a runed gate.
 47032 | Vaults:2 | Found a runed gate.
 47034 | Vaults:2 | Noticed inc's ghost (adept FeFE)
 47147 | Vaults:3 | Found a runed gate.
 47147 | Vaults:3 | Found a runed gate.
 47147 | Vaults:3 | Found a runed gate.
 47149 | Vaults:3 | Noticed Qagip's ghost (veteran GrEE)
 47219 | Vaults:3 | Found a staircase to the Crypt.
 47219 | Vaults:3 | Found an ancient bone altar of Kikubaaqudgha.
 47219 | Vaults:3 | Found a basalt altar of Yredelemnul.
 48074 | Vaults:3 | Reached XP level 22. HP: 142/172 MP: 5/40
 48595 | Vaults:4 | Noticed Boris
 48797 | Vaults:4 | Found Teiddy's General Store.
 48827 | Vaults:4 | Bought a potion of heal wounds for 105 gold pieces
 49011 | Vaults:4 | Found Teoffom's Jewellery Boutique.
 49309 | Vaults:4 | Reached skill level 15 in Spellcasting
 49327 | Vaults:4 | Bought the ring of Yesterday {+Inv rPois Dex+3 SInv} for 445 gold pieces
 49644 | Vaults:4 | Found the +2 ratskin cloak {+Rats rPois rN+ Str-1 Int-1 Dex+1}
 50372 | Elf:1    | Entered Level 1 of the Elven Halls
 50378 | Elf:1    | Found a radiant altar of Vehumet.
 50406 | Elf:1    | Identified the +1 pair of gloves "Mycwom" {Dex+4} (You found it on level 1 of the Elven Halls)
 50473 | Elf:1    | Noticed Aizul
 50485 | Elf:1    | Killed Aizul
 50524 | Elf:1    | Learned a level 5 spell: Summon Mana Viper
 50554 | Elf:1    | Reached skill level 15 in Dodging
 50990 | Elf:1    | Reached skill level 15 in Stealth
 51512 | Elf:2    | Found Pusibyej's Jewellery Emporium.
 51573 | Elf:2    | Found a huge runed gate.
 51573 | Elf:2    | Found a huge runed gate.
 51586 | Elf:2    | Found a huge runed gate.
 51848 | Elf:2    | Identified the Guide on Supportive Conjuration
 52055 | Elf:2    | Reached XP level 23. HP: 179/179 MP: 42/42
 52630 | Elf:3    | Entered Level 3 of the Elven Halls
 53096 | Elf:3    | Found a magical portal.
 53119 | WizLab   | Entered The Hall of the Hellbinder
 53646 | WizLab   | Found a burning altar of Makhleb.
 53706 | WizLab   | Found the +1 cloak of Starlight {rElec rC+ EV+4 Stlth--}
 53739 | WizLab   | Identified the +4 demon whip of World's End {drain, Dex+3} (You found it in a wizard's laboratory)
 53758 | WizLab   | Identified the Disquisition on Calling
 53765 | WizLab   | Identified the +2 cloak of the Sun {rN+ MP+9 Str-5} (You found it in a wizard's laboratory)
 53989 | Elf:3    | Found Zekame's Assorted Antiques.
 54103 | Elf:3    | Bought a potion of curing for 138 gold pieces
 54103 | Elf:3    | Bought a potion of heal wounds for 230 gold pieces
 54262 | Elf:3    | Reached skill level 15 in Fighting
 54262 | Elf:3    | Reached skill level 15 in Short Blades
 54262 | Elf:3    | Reached skill level 15 in Long Blades
 54262 | Elf:3    | Reached skill level 15 in Axes
 54262 | Elf:3    | Reached skill level 15 in Maces & Flails
 54262 | Elf:3    | Reached skill level 15 in Polearms
 54262 | Elf:3    | Reached skill level 15 in Staves
 54262 | Elf:3    | Reached skill level 15 in Slings
 54262 | Elf:3    | Reached skill level 15 in Bows
 54262 | Elf:3    | Reached skill level 15 in Crossbows
 54262 | Elf:3    | Reached skill level 15 in Throwing
 54262 | Elf:3    | Reached skill level 15 in Armour
 54262 | Elf:3    | Reached skill level 15 in Shields
 54262 | Elf:3    | Reached skill level 15 in Unarmed Combat
 54262 | Elf:3    | Reached skill level 15 in Evocations
 54840 | Elf:3    | Identified the cursed +1 robe of Gocw {rElec rN+ Int-2} (You took it off a deep elf blademaster on level 3 of the Elven Halls)
 54877 | Elf:3    | Identified the cursed +1 scale mail of the Vaults {rN+} (You took it off a deep elf high priest on level 3 of the Elven Halls)
 55226 | Elf:3    | Identified the ring "Efuex" {Fire rPois rN+ Str+3 Dex-4} (You took it off a deep elf blademaster on level 3 of the Elven Halls)
 55323 | Elf:3    | Found the +0 sword of Power
 55336 | Elf:3    | Identified the Tome of the Feathery Voyage
 55341 | Elf:3    | Identified Sif Muna's Guide on the Helpful Compass
 56431 | Depths:3 | Identified the +4 scale mail of the Cockatrice {rPois rC++ rCorr Slay-5} (You found it on level 3 of the Depths)
 56548 | Depths:3 | Reached XP level 24. HP: 189/189 MP: 22/42
 56592 | Depths:3 | Identified the ring "Xil Verph" {rN+ SInv} (You found it on level 3 of the Depths)
 56630 | Depths:3 | Found a one-way gate leading to the halls of Pandemonium.
 56753 | Depths:3 | Noticed a juggernaut
 56928 | Depths:3 | Killed a juggernaut
 57058 | Depths:3 | Got a scintillating tin ring
 57059 | Depths:3 | Identified the ring of the Monkey {*Tele rElec rF- rN+ MR+ Str+4} (You found it on level 3 of the Depths)
 57063 | Depths:3 | Got a transparent marble ring
 57064 | Depths:3 | Identified the ring "Gatenekh" {*Contam MR+++ Str-2 Dex+3 SInv} (You found it on level 3 of the Depths)
 57253 | Depths:3 | Found a one-way gate to the infinite horrors of the Abyss.
 57642 | Depths:4 | Found a gateway to a ziggurat.
 57848 | Depths:4 | Noticed an ancient lich
 58044 | Depths:4 | Killed an ancient lich
 58059 | Depths:4 | Identified the +2 robe of Pandemonium {Str+3} (You found it on level 4 of the Depths)
 58169 | Depths:4 | Identified the Papyrus of the Chickpea
 58193 | Depths:4 | Identified the +3 scale mail "Qinioh" {-Tele rN+++ Int+4 Dex+4} (You found it on level 4 of the Depths)
 59066 | Depths:5 | Entered Level 5 of the Depths
 59204 | Depths:5 | Found Ratoc's Food Shop.
 59628 | Depths:5 | Reached XP level 25. HP: 197/197 MP: 43/43
 59762 | Depths:5 | Found a sparkling altar of Nemelex Xobeh.
 60236 | Depths:5 | Found a runed door.
 60241 | Depths:5 | Found a runed door.
 60267 | Depths:5 | Found a runed door.
 60290 | Depths:5 | Found a runed door.
 60291 | Depths:5 | Found a runed door.
 60291 | Depths:5 | Found a runed door.
 60558 | Depths:5 | Found a gate to the Realm of Zot.
 60745 | Depths:5 | Upgraded the game from 0.22-a0-538-g76cc104 to 0.22-a0-542-gce4f928
 60933 | D:10     | Bought a manual of Conjurations for 1214 gold pieces
 61210 | Elf:2    | Bought the ring of the Hart {rPois rN+ Dex+2 Slay+3} for 532 gold pieces
 61487 | Slime:1  | Entered Level 1 of the Pits of Slime
 62027 | Slime:4  | Gained mutation: Your magical capacity is low. (-10% MP) [a shining eye]
 62029 | Slime:4  | Gained mutation: Your spells are a little easier to cast, but a little less powerful. [a shining eye]
 62030 | Slime:4  | Gained mutation: Your magical capacity is very low. (-20% MP) [a shining eye]
 62032 | Slime:4  | Gained mutation: Scrolls take you a little longer to read. [a shining eye]
 62034 | Slime:4  | Gained mutation: You tend to lose your temper in combat. [a shining eye]
 62125 | Slime:5  | Entered Level 5 of the Pits of Slime
 62325 | Slime:5  | Noticed the Royal Jelly
 62339 | Slime:5  | Found a viscous altar of Jiyva.
 62511 | Slime:5  | Killed the Royal Jelly
 62599 | Slime:5  | Got a slimy rune of Zot
 62618 | Slime:5  | Identified the +4 plate armour "Ynniuh" {rC+} (You found it on level 5 of the Pits of Slime)
 62622 | Slime:5  | Identified the +4 ring mail of Meaded {*Slow MR+ Dex+6} (You found it on level 5 of the Pits of Slime)
 62964 | Swamp:4  | Lost mutation: Your magical capacity is very low. (-20% MP) [potion of mutation]
 62964 | Swamp:4  | Lost mutation: Your spells are a little easier to cast, but a little less powerful. [potion of mutation]
 62964 | Swamp:4  | Gained mutation: You are frail. (-10% HP) [potion of mutation]
 62964 | Swamp:4  | Gained mutation: You do not regenerate when monsters are visible. [potion of mutation]
 62964 | Swamp:4  | Gained mutation: You are resistant to hostile enchantments. (MR+) [potion of mutation]
 62965 | Swamp:4  | Lost mutation: You are frail. (-10% HP) [potion of mutation]
 62965 | Swamp:4  | Lost mutation: Scrolls take you a little longer to read. [potion of mutation]
 62965 | Swamp:4  | Lost mutation: Your magical capacity is low. (-10% MP) [potion of mutation]
 62965 | Swamp:4  | Gained mutation: Your flesh is heat resistant. (rF+) [potion of mutation]
 63924 | Spider:4 | Got a gossamer rune of Zot
 63930 | Spider:4 | Lost mutation: You are resistant to hostile enchantments. (MR+) [potion of mutation]
 63930 | Spider:4 | Lost mutation: Your flesh is heat resistant. (rF+) [potion of mutation]
 63930 | Spider:4 | Gained mutation: You can translocate small distances at will. [potion of mutation]
 63930 | Spider:4 | Gained mutation: You have large cloven feet. [potion of mutation]
 64359 | Crypt:1  | Entered Level 1 of the Crypt
 64757 | Crypt:1  | Reached XP level 26. HP: 206/206 MP: 43/43
 64982 | Crypt:1  | Reached skill level 15 in Fire Magic
 65365 | Crypt:2  | Noticed Sojobo
 65432 | Crypt:2  | Killed Sojobo
 65681 | Crypt:2  | Noticed Xtahua
 65709 | Crypt:2  | Noticed Frederick
 65756 | Crypt:2  | Reached skill level 15 in Conjurations
 66003 | Crypt:2  | Learned a level 3 spell: Ozocubu's Armour
 66141 | Crypt:2  | Killed Xtahua
 66349 | Crypt:2  | Killed Frederick
 66367 | Crypt:2  | Found an ancient bone altar of Kikubaaqudgha.
 66464 | Crypt:3  | Entered Level 3 of the Crypt
 66785 | Crypt:3  | Found a staircase to the Tomb.
 67409 | Crypt:3  | Found a basalt altar of Yredelemnul.
 67412 | Crypt:3  | Identified Meif's Catalogue of Unholy Secrets
 67415 | Crypt:3  | Found an ancient bone altar of Kikubaaqudgha.
 67811 | Vaults:5 | Entered Level 5 of the Vaults
 67865 | Vaults:5 | Reached XP level 27. HP: 137/213 MP: 23/44
 68388 | Vaults:5 | Noticed Mennas
 68404 | Vaults:5 | Killed Mennas
 68581 | Vaults:5 | Got a silver rune of Zot
 68620 | Vaults:5 | Identified the cursed +0 robe of the Sturgeon {*Corrode Regen+ Str+2} (You found it on level 5 of the Vaults)
 68926 | Vaults:5 | Reached skill level 15 in Hexes
 68926 | Vaults:5 | Reached skill level 15 in Charms
 68926 | Vaults:5 | Reached skill level 15 in Summonings
 68926 | Vaults:5 | Reached skill level 15 in Necromancy
 68926 | Vaults:5 | Reached skill level 15 in Translocations
 68926 | Vaults:5 | Reached skill level 15 in Transmutations
 68926 | Vaults:5 | Reached skill level 15 in Ice Magic
 68926 | Vaults:5 | Reached skill level 15 in Air Magic
 68926 | Vaults:5 | Reached skill level 15 in Earth Magic
 68926 | Vaults:5 | Reached skill level 15 in Poison Magic
 68983 | Vaults:5 | Got a flickering golden ring
 69034 | Vaults:5 | Identified the Guide on Cold
 69158 | Vaults:5 | Identified the ring of Sutagap {Dex+4 Stlth+} (You took it off a yaktaur on level 5 of the Vaults)
 69232 | Vaults:5 | Identified the Catalogue of Flamy Unholy Rites
 70000 | Pan      | Entered Pandemonium
 70019 | Pan      | Noticed Ijohuili the pandemonium lord
 70280 | Pan      | HP: 8/215 [Hell Sentinel (8)]
 70280 | Pan      | Killed from afar by a smoke demon

Vault maps used:
D:1:      tarquinn_simple_flora_water_b, fountainhead, minmay_misc_feat_tiny
D:2:      cheibrodos_pilgrimage, kennysheep_doodads, bloody_makhleb
D:3:      cheibrodos_fertilizer, grunt_qazlal_sundering,
          nicolae_overflow_crystal_walls, okawaru_gym_becter, first_ration
D:4:      overflow_temple_1_default, old_standard_altar, temple_hall,
          serial_shops, kennysheep_mini_moat
D:5:      marbit_many_paths, kennysheep_little_box, old_standard_altar,
          serial_shops, shop, uniq_edmund
D:6:      grunt_temple_overflow_open, serial_undead, serial_undead_e,
          serial_undead_a, serial_undead_c, serial_undead_b, serial_undead_a,
          serial_undead_c, serial_undead_e, serial_undead_d,
          grunt_dithmenos_smoke
D:7:      evilmike_ruin_ashenzari, uniq_duvessa
D:8:      enter_bailey_3, basic_altar, grunt_gozag_breadcrumbs
D:9:      lair_entry_dummy, zombieorc1_lemuel, serial_shops,
          nicolae_shop_statue_plus, david_nohive_1
D:10:     basic_altar, serial_shops, shop, nicolae_shop_crystal, shop,
          shop_fountains
D:11:     serial_shops, nicolae_shop_stone, minmay_evil_grid
D:13:     portal_ice_cave_entry_animals_and_master, kennysheep_generic_room_4
D:14:     hangedman_vaults_entry_quadrant_bands, nrook_mini_vaults
D:15:     gammafunk_depths_entry_grave, serial_park_tiny_1
Lair:1:   basic_altar, minmay_lair_oklob_items, worms_lemuel
Lair:2:   spider_nest_entry_rubble, minmay_stone_trees_medium,
          grunt_megastairs_3, serial_bayou_shore_b
Lair:3:   uniq_nergalle
Lair:4:   minmay_swamp_entry_worms, nicolae_volcano_entry_batcave, minivault_26,
          cheibrodos_lair_caveside_slide, zaba_anthole, wad_woods_road_04
Lair:5:   infiniplex_staircase_pool_2, uniq_nessos
Lair:6:   guppyfry_lair_end_dragon, nicolae_slime_entry_slimehenge,
          uniq_josephine
Swamp:1:  evilmike_swamp_ruin_house_5
Swamp:2:  cheibrodos_swamp_tower_of_moss,
          nicolae_swamp_feature_on_the_river_bank
Swamp:3:  gammafunk_ghost_hydra_chop, serial_swamp_ruin,
          evilmike_swamp_ruin_rubble_1, evilmike_swamp_ruin_house_6
Swamp:4:  swamp
Spider:1: nicolae_spider_shape
Spider:2: hangedman_spider_tarantella_strand, uniq_arachne, uniq_asterion
Spider:3: minivault_29
Spider:4: spider_rune_water, nicolae_orb_island, uniq_nikola, uniq_donald,
          uniq_mara
Slime:2:  nicolae_slime_jelly_donut
Slime:3:  cheibrodos_slime_lost_civilization_5
Orc:1:    serial_shops, shop
Orc:2:    pubby_orc_utopia, serial_shops, uniq_rupert, uniq_saint_roka
Elf:1:    basic_altar, hangedman_elf_represent, uniq_aizul
Elf:2:    serial_shops, shop, minmay_elf_sorcery
Elf:3:    minmay_elf_hall_curves, serial_shops, shop,
          lightli_enter_wizlab_magi_temple, serial_sigils_hangedman_gnaw,
          grunt_ministairs_3
Vaults:1: grunt_vaults_hallway_short, nicolae_vaults_big_ls,
          vaults_mumra_minichess_inversion, hangedman_vaults_nails, v_misc_13,
          hangedman_vaults_capsules, st_more_cells, ontoclasm_vaults_gateway,
          v_pattern_2, vaults_room_door_ring, nicolae_vaults_three_branches
Vaults:2: gammafunk_vaults_ghost_spectres, nicolae_vaults_hallways_thing,
          hangedman_vaults_nails, nicolae_vaults_network_periphery,
          nicolae_vaults_shelves_hall, st_spiral_rooms, v_misc_25,
          nicolae_vaults_little_squares_3
Vaults:3: gammafunk_vaults_ghost_necromancy, vaults_room_semicircle, v_rooms_2,
          minmay_crypt_entry_necro_gods, nicolae_vaults_shelves_hall,
          ontoclasm_vaults_chip, ontoclasm_vaults_twist,
          nicolae_vaults_circle_grid_b, vaults_dpeg_ring,
          nicolae_vaults_an_arrangement, nicolae_vaults_border_crossing,
          v_misc_10, nicolae_vaults_specimen_jars
Vaults:4: dpeg_vaults_monster_row, nicolae_vaults_mini_display_case, v_misc_23,
          nicolae_vaults_theta, st_lattice, serial_shops, shop, shop_fountains,
          uniq_boris
Vaults:5: serial_shops, uniq_mennas
Crypt:1:  nicolae_crypt_ancient_font
Crypt:2:  basic_altar, uniq_xtahua, uniq_frederick, uniq_sojobo
Crypt:3:  lightli_unholy_cathedral
Depths:1: minmay_bloctagon_deflated, grunt_hell_entry_dis_grunt,
          minmay_misc_feat_plants, lemuel_another_geyser
Depths:2: hangedman_pleasuredromes, hell_entry, serial_shops
Depths:3: grunt_x_marks_the_spot, rand_demon_pan_entry_5,
          kennysheep_nondescript, hell_entry, abyss_entry,
          basic_stair_grate_trap
Depths:4: minmay_the_grid_4x2, enter_ziggurat_c, hangedman_decor_opposing,
          grunt_hell_horde, rand_demon_pan_entry_4, abyss_entry
Depths:5: evilmike_zot_entry_castle, nemelex_xobeh_ov_fountains_minmay,
          serial_shops, shop, hangedman_coc_ice_floe
Abyss:3:  evilmike_abyss_rune_ettins, evilmike_abyss_exit_vortex
Pan:      evilmike_mini_pan_diamond
Bailey:   bailey_axe_bossmonster_kennysheep, bailey
IceCv:    ice_cave_small_dragons
Volcano:  volcano_grotto
WizLab:   wizlab_demon

Skill      XL: |  1  2  3  4  5  6  7  8  9 10 11 12 13 14 15 16 17 18 19 20 21 22 23 24 25 26 27 |
---------------+----------------------------------------------------------------------------------+-----
Conjurations   | 2 3 4 5 6 7 8 9 10 11 12 13 14 15 16 | 16.4
Spellcasting   | 5 6 7 8 9 10 11 12 13 14 15 16 17 18 | 18.0
Invocations    | 1 2 3 4 5 6 7 8 9 10 11 12 13 14 15 16 17 18 | 18.8
Fighting       | 1 2 3 4 5 6 7 8 9 10 11 12 13 14 15 16 17 | 17.5
Short Blades   | 1 2 3 4 5 6 7 8 9 10 11 12 13 14 15 16 17 | 17.5
Long Blades    | 1 2 3 4 5 6 7 8 9 10 11 12 13 14 15 16 17 | 17.7
Axes           | 1 2 3 4 5 6 7 8 9 10 11 12 13 14 15 16 17 | 17.5
Maces & Flails | 1 2 3 4 5 6 7 8 9 10 11 12 13 14 15 16 17 | 17.5
Polearms       | 1 2 3 4 5 6 7 8 9 10 11 12 13 14 15 16 17 | 17.5
Staves         | 1 2 3 4 5 6 7 8 9 10 11 12 13 14 15 16 17 | 17.5
Slings         | 1 2 3 4 5 6 7 8 9 10 11 12 13 14 15 16 17 | 17.5
Bows           | 1 2 3 4 5 6 7 8 9 10 11 12 13 14 15 16 17 | 17.5
Crossbows      | 1 2 3 4 5 6 7 8 9 10 11 12 13 14 15 16 17 | 17.5
Throwing       | 1 2 3 4 5 6 7 8 9 10 11 12 13 14 15 16 17 | 17.5
Armour         | 1 2 3 4 5 6 7 8 9 10 11 12 13 14 15 16 17 | 17.5
Shields        | 1 2 3 4 5 6 7 8 9 10 11 12 13 14 15 16 17 | 17.5
Unarmed Combat | 1 2 3 4 5 6 7 8 9 10 11 12 13 14 15 16 17 | 17.5
Evocations     | 1 2 3 4 5 6 7 8 9 10 11 12 13 14 15 16 17 | 17.5
Hexes          | 1 2 3 4 5 6 7 8 9 10 11 12 13 14 15 | 15.1
Charms         | 1 2 3 4 5 6 7 8 9 10 11 12 13 14 15 | 15.1
Summonings     | 1 2 3 4 5 6 7 8 9 10 11 12 13 14 15 | 15.1
Necromancy     | 1 2 3 4 5 6 7 8 9 10 11 12 13 14 15 | 15.1
Translocations | 1 2 3 4 5 6 7 8 9 10 11 12 13 14 15 | 15.1
Transmutations | 1 2 3 4 5 6 7 8 9 10 11 12 13 14 15 | 15.1
Ice Magic      | 1 2 3 4 5 6 7 8 9 10 11 12 13 14 15 | 15.1
Air Magic      | 1 2 3 4 5 6 7 8 9 10 11 12 13 14 15 | 15.1
Earth Magic    | 1 2 3 4 5 6 7 8 9 10 11 12 13 14 15 | 15.1
Poison Magic   | 1 2 3 4 5 6 7 8 9 10 11 12 13 14 15 | 15.1
Dodging        | 5 6 7 8 9 10 11 12 13 14 15 16 17 | 17.9
Stealth        | 5 6 7 8 9 10 11 12 13 14 15 16 17 | 17.9
Fire Magic     | 6 7 8 9 10 11 12 13 14 15 | 15.8

Action                   |  1- 3 |  4- 6 |  7- 9 | 10-12 | 13-15 | 16-18 | 19-21 | 22-24 | 25-27 || total
-------------------------+-------+-------+-------+-------+-------+-------+-------+-------+-------++-------
Melee: Unarmed           |    30 |       |       |       |       |       |       |       |       ||    30
       Bite              |     4 |    12 |    24 |    69 |   120 |   214 |   363 |   257 |   363 ||  1426
       Mace              |     2 |       |       |       |       |       |       |       |       ||     2
       Dagger            |    20 |    81 |    69 |   187 |   186 |   315 |  1256 |  1127 |   352 ||  3593
       Morningstar       |       |       |    86 |   409 |   848 |  1125 |   377 |     3 |       ||  2848
       Flail             |       |       |   107 |    94 |    12 |       |       |       |       ||   213
       Trident           |       |       |    24 |    16 |       |       |       |       |       ||    40
       Punch             |       |       |     5 |    16 |    51 |    89 |    39 |       |    10 ||   210
       Scimitar          |       |       |       |       |    38 |       |       |       |       ||    38
       Battleaxe         |       |       |       |       |    23 |    83 |    23 |       |   536 ||   665
       Eveningstar       |       |       |       |       |       |       |       |   167 |   966 ||  1133
       Kick              |       |       |       |       |       |       |       |       |   575 ||   575
Throw: Javelin           |       |       |       |       |    12 |    27 |     7 |     2 |     4 ||    52
       Throwing net      |       |       |       |       |       |     1 |     1 |       |       ||     2
 Cast: Flame Tongue      |    47 |    45 |     5 |     1 |       |       |       |       |       ||    98
       Sticky Flame      |       |     9 |    26 |    78 |   168 |   228 |   235 |   160 |   148 ||  1052
       Conjure Flame     |       |       |    14 |     8 |     5 |    18 |       |     1 |       ||    46
       Animate Dead      |       |       |       |    15 |    39 |    68 |    29 |    24 |    18 ||   193
       Fireball          |       |       |       |     1 |    15 |    19 |     6 |    15 |     4 ||    60
       Animate Skeleton  |       |       |       |    27 |    77 |    32 |    49 |    56 |    21 ||   262
       Regeneration      |       |       |       |     5 |    17 |    35 |    32 |    12 |    21 ||   122
       Apportation       |       |       |       |       |       |     2 |     6 |     9 |     2 ||    19
       Invisibility      |       |       |       |       |       |     1 |     7 |    12 |     6 ||    26
       Freezing Cloud    |       |       |       |       |       |       |    13 |     3 |       ||    16
       Borgnjor's Vile C |       |       |       |       |       |       |    68 |   137 |    47 ||   252
       Ozocubu's Armour  |       |       |       |       |       |       |       |       |    10 ||    10
Invok: Lesser Servant of |       |       |       |       |     1 |       |       |       |     1 ||     2
       Greater Servant o |       |       |       |       |       |     4 |     1 |     4 |     5 ||    14
Evoke: Wand              |       |       |       |     2 |    10 |    14 |    13 |     9 |     6 ||    54
  Use: Scroll            |       |    12 |     7 |    15 |    15 |    14 |    18 |    18 |    21 ||   120
       Potion            |       |       |       |     6 |     6 |     7 |    19 |     2 |    17 ||    57
 Stab: Sleeping          |     8 |     8 |     9 |    25 |    27 |    45 |    50 |    50 |    22 ||   244
       Distracted        |       |     1 |       |     3 |    11 |    25 |     9 |    10 |    32 ||    91
       Invisible         |       |       |       |       |     1 |     7 |     4 |    21 |    21 ||    54
       Confused          |       |       |       |       |       |     2 |       |       |       ||     2
       Held in net/web   |       |       |       |       |       |     1 |     2 |       |       ||     3
       Paralysed         |       |       |       |       |       |       |       |       |     2 ||     2
  Eat: Chunk             |     2 |     9 |    12 |    21 |    25 |    28 |    34 |    21 |     8 ||   160
       Ration            |       |       |     1 |     4 |     3 |     7 |    10 |     8 |    10 ||    43
Armor: Robe              |    10 |    15 |    57 |    34 |   142 |   560 |   247 |    22 |   238 ||  1325
       Leather armour    |       |       |       |   206 |   104 |       |       |       |       ||   310
       Ring mail         |       |       |       |    20 |       |       |       |       |       ||    20
       Scale mail        |       |       |       |       |       |       |       |   304 |    77 ||   381
Dodge: Dodged            |    45 |    67 |   272 |   800 |  1314 |  2635 |  1226 |   559 |  1881 ||  8799
Block: Buckler           |       |       |       |       |       |       |   495 |   442 |   574 ||  1511
       Rpst.: Scimitar   |       |       |       |       |     5 |       |       |       |       ||     5

Table legend:
 A = Spawn XP
 B = Non-spawn XP
 C = Spawn XP percentage of total XP
 D = Spawn monster count
 E = Non-spawn monster count
 F = Spawn count percentage of total count
 G = Total turns spent on level
                    A         B        C        D         E        F      G
               +---------+---------+-------+---------+---------+-------+---------
         Total |    3785 | 1406858 |   0.3 |      10 |    2732 |   0.4 | 70280
               +---------+---------+-------+---------+---------+-------+---------
           D:1 |       0 |      39 |   0.0 |       0 |      23 |   0.0 |   890
           D:2 |       0 |     104 |   0.0 |       0 |      24 |   0.0 |  1221
           D:3 |       0 |      85 |   0.0 |       0 |      23 |   0.0 |   794
           D:4 |       0 |     137 |   0.0 |       0 |      12 |   0.0 |   936
           D:5 |       0 |     786 |   0.0 |       0 |      19 |   0.0 |  1556
           D:6 |       0 |    1446 |   0.0 |       0 |      42 |   0.0 |  1198
           D:7 |       0 |    1685 |   0.0 |       0 |      40 |   0.0 |  1250
           D:8 |       0 |    2243 |   0.0 |       0 |      43 |   0.0 |  1039
           D:9 |       0 |    5483 |   0.0 |       0 |      95 |   0.0 |  2011
          D:10 |       0 |    3742 |   0.0 |       0 |      26 |   0.0 |  1219
          D:11 |       0 |   10604 |   0.0 |       0 |      36 |   0.0 |  1390
          D:12 |       0 |    7108 |   0.0 |       0 |      43 |   0.0 |   580
          D:13 |       0 |   12196 |   0.0 |       0 |      38 |   0.0 |   960
          D:14 |       0 |   22058 |   0.0 |       0 |      59 |   0.0 |  1613
          D:15 |       0 |   20575 |   0.0 |       0 |      54 |   0.0 |  1694
        Lair:1 |       0 |    4150 |   0.0 |       0 |      21 |   0.0 |   910
        Lair:2 |       0 |    5634 |   0.0 |       0 |      28 |   0.0 |   956
        Lair:3 |       0 |    4390 |   0.0 |       0 |      18 |   0.0 |   940
        Lair:4 |       0 |    4847 |   0.0 |       0 |      24 |   0.0 |  1239
        Lair:5 |       0 |    7922 |   0.0 |       0 |      28 |   0.0 |  1001
        Lair:6 |       0 |   20625 |   0.0 |       0 |      67 |   0.0 |  1420
       Swamp:1 |       0 |   13382 |   0.0 |       0 |      37 |   0.0 |   908
       Swamp:2 |       0 |   14376 |   0.0 |       0 |      36 |   0.0 |  1138
       Swamp:3 |       0 |   13909 |   0.0 |       0 |      34 |   0.0 |  1054
       Swamp:4 |       0 |   21572 |   0.0 |       0 |      63 |   0.0 |   770
      Spider:1 |       0 |   12453 |   0.0 |       0 |      51 |   0.0 |   683
      Spider:2 |       0 |   15009 |   0.0 |       0 |      26 |   0.0 |  1391
      Spider:3 |       0 |   18466 |   0.0 |       0 |      92 |   0.0 |  1664
      Spider:4 |       0 |   43391 |   0.0 |       0 |      98 |   0.0 |  3235
       Slime:1 |       0 |   14939 |   0.0 |       0 |      20 |   0.0 |   318
       Slime:2 |       0 |    7604 |   0.0 |       0 |      18 |   0.0 |   169
       Slime:3 |       0 |    3782 |   0.0 |       0 |       8 |   0.0 |   138
       Slime:4 |       0 |    9648 |   0.0 |       0 |      14 |   0.0 |   165
       Slime:5 |       0 |   32094 |   0.0 |       0 |      18 |   0.0 |   467
         Orc:1 |       0 |    2176 |   0.0 |       0 |      36 |   0.0 |   675
         Orc:2 |       0 |   30122 |   0.0 |       0 |     152 |   0.0 |  2697
         Elf:1 |       0 |   30145 |   0.0 |       0 |      46 |   0.0 |  1073
         Elf:2 |       0 |   52106 |   0.0 |       0 |      75 |   0.0 |  1332
         Elf:3 |       0 |   58900 |   0.0 |       0 |      64 |   0.0 |  2116
      Vaults:1 |       0 |   69463 |   0.0 |       0 |     158 |   0.0 |  2852
      Vaults:2 |       0 |   41905 |   0.0 |       0 |      59 |   0.0 |  1479
      Vaults:3 |       0 |   46824 |   0.0 |       0 |      64 |   0.0 |  1526
      Vaults:4 |       0 |   38074 |   0.0 |       0 |      47 |   0.0 |  1653
      Vaults:5 |       0 |  147200 |   0.0 |       0 |     126 |   0.0 |  1951
       Crypt:1 |       0 |   40795 |   0.0 |       0 |      64 |   0.0 |   833
       Crypt:2 |       0 |   61478 |   0.0 |       0 |      64 |   0.0 |  1341
       Crypt:3 |       0 |   50680 |   0.0 |       0 |      57 |   0.0 |   945
      Depths:1 |       0 |   54096 |   0.0 |       0 |      70 |   0.0 |  2032
      Depths:2 |       0 |   84152 |   0.0 |       0 |      82 |   0.0 |  2912
      Depths:3 |       0 |   47476 |   0.0 |       0 |      46 |   0.0 |  1339
      Depths:4 |       0 |   74806 |   0.0 |       0 |      66 |   0.0 |  1678
      Depths:5 |       0 |   73754 |   0.0 |       0 |      69 |   0.0 |  1723
       Abyss:3 |    3379 |    1777 |  65.5 |       8 |       4 |  66.7 |   553
           Pan |     406 |   11243 |   3.5 |       2 |      19 |   9.5 |   280
        Bailey |       0 |     150 |   0.0 |       0 |      14 |   0.0 |   379
         IceCv |       0 |    5507 |   0.0 |       0 |      20 |   0.0 |   552
       Volcano |       0 |    7110 |   0.0 |       0 |      19 |   0.0 |   579
        WizLab |       0 |   20435 |   0.0 |       0 |      33 |   0.0 |   863
               +---------+---------+-------+---------+---------+-------+---------

Action                   |  1- 3 |  4- 6 |  7- 9 | 10-12 | 13-15 | 16-18 | 19-21 | 22-24 | 25-27 || total
-------------------------+-------+-------+-------+-------+-------+-------+-------+-------+-------++-------
Melee: Unarmed           |    30 |       |       |       |       |       |       |       |       ||    30
       Bite              |     4 |    12 |    24 |    69 |   120 |   214 |   363 |   257 |   363 ||  1426
       Mace              |     2 |       |       |       |       |       |       |       |       ||     2
       Dagger            |    20 |    81 |    69 |   187 |   186 |   315 |  1256 |  1127 |   352 ||  3593
       Morningstar       |       |       |    86 |   409 |   848 |  1125 |   377 |     3 |       ||  2848
       Flail             |       |       |   107 |    94 |    12 |       |       |       |       ||   213
       Trident           |       |       |    24 |    16 |       |       |       |       |       ||    40
       Punch             |       |       |     5 |    16 |    51 |    89 |    39 |       |    10 ||   210
       Scimitar          |       |       |       |       |    38 |       |       |       |       ||    38
       Battleaxe         |       |       |       |       |    23 |    83 |    23 |       |   536 ||   665
       Eveningstar       |       |       |       |       |       |       |       |   167 |   966 ||  1133
       Kick              |       |       |       |       |       |       |       |       |   575 ||   575
Throw: Javelin           |       |       |       |       |    12 |    27 |     7 |     2 |     4 ||    52
       Throwing net      |       |       |       |       |       |     1 |     1 |       |       ||     2
 Cast: Flame Tongue      |    47 |    45 |     5 |     1 |       |       |       |       |       ||    98
       Sticky Flame      |       |     9 |    26 |    78 |   168 |   228 |   235 |   160 |   148 ||  1052
       Conjure Flame     |       |       |    14 |     8 |     5 |    18 |       |     1 |       ||    46
       Animate Dead      |       |       |       |    15 |    39 |    68 |    29 |    24 |    18 ||   193
       Fireball          |       |       |       |     1 |    15 |    19 |     6 |    15 |     4 ||    60
       Animate Skeleton  |       |       |       |    27 |    77 |    32 |    49 |    56 |    21 ||   262
       Regeneration      |       |       |       |     5 |    17 |    35 |    32 |    12 |    21 ||   122
       Apportation       |       |       |       |       |       |     2 |     6 |     9 |     2 ||    19
       Invisibility      |       |       |       |       |       |     1 |     7 |    12 |     6 ||    26
       Freezing Cloud    |       |       |       |       |       |       |    13 |     3 |       ||    16
       Borgnjor's Vile C |       |       |       |       |       |       |    68 |   137 |    47 ||   252
       Ozocubu's Armour  |       |       |       |       |       |       |       |       |    10 ||    10
Invok: Lesser Servant of |       |       |       |       |     1 |       |       |       |     1 ||     2
       Greater Servant o |       |       |       |       |       |     4 |     1 |     4 |     5 ||    14
Evoke: Wand              |       |       |       |     2 |    10 |    14 |    13 |     9 |     6 ||    54
  Use: Scroll            |       |    12 |     7 |    15 |    15 |    14 |    18 |    18 |    21 ||   120
       Potion            |       |       |       |     6 |     6 |     7 |    19 |     2 |    17 ||    57
 Stab: Sleeping          |     8 |     8 |     9 |    25 |    27 |    45 |    50 |    50 |    22 ||   244
       Distracted        |       |     1 |       |     3 |    11 |    25 |     9 |    10 |    32 ||    91
       Invisible         |       |       |       |       |     1 |     7 |     4 |    21 |    21 ||    54
       Confused          |       |       |       |       |       |     2 |       |       |       ||     2
       Held in net/web   |       |       |       |       |       |     1 |     2 |       |       ||     3
       Paralysed         |       |       |       |       |       |       |       |       |     2 ||     2
  Eat: Chunk             |     2 |     9 |    12 |    21 |    25 |    28 |    34 |    21 |     8 ||   160
       Ration            |       |       |     1 |     4 |     3 |     7 |    10 |     8 |    10 ||    43
Armor: Robe              |    10 |    15 |    57 |    34 |   142 |   560 |   247 |    22 |   238 ||  1325
       Leather armour    |       |       |       |   206 |   104 |       |       |       |       ||   310
       Ring mail         |       |       |       |    20 |       |       |       |       |       ||    20
       Scale mail        |       |       |       |       |       |       |       |   304 |    77 ||   381
Dodge: Dodged            |    45 |    67 |   272 |   800 |  1314 |  2635 |  1226 |   559 |  1881 ||  8799
Block: Buckler           |       |       |       |       |       |       |   495 |   442 |   574 ||  1511
       Rpst.: Scimitar   |       |       |       |       |     5 |       |       |       |       ||     5
